 Dungeon Crawl Stone Soup version 0.20-a0-924-gfa95efa (webtiles) character file.

1246 Duffy the Blocker (level 8, 0/58 HPs)
             Began as a Formicid Fighter on Mar 27, 2017.
             Was an Initiate of Makhleb.
             Splashed by an oklob sapling's acid (15 damage)
             ... on level 6 of the Dungeon.
             The game lasted 00:09:38 (5505 turns).

Duffy the Blocker (Formicid Fighter)                Turns: 5505, Time: 00:09:38

Health: 0/58       AC:  7    Str: 27    XL:     8   Next: 79%
Magic:  8/8        EV: 10    Int:  7    God:    Makhleb [......]
Gold:   282        SH: 12    Dex: 10    Spells: 7/7 levels left

rFire    . . .     SeeInvis +   a - +0 war axe
rCold    . . .     Gourm    .   c - +0 shield
rNeg     . . .     Faith    .   n - +0 chain mail
rPois    .         Spirit   .   (helmet unavailable)
rElec    .         Reflect  .   x - +0 cloak
rCorr    .         Harm     .   (no gloves)
MR       .....                  e - +0 pair of boots
Stlth    ..........             G - amulet of regeneration
Regen    0.6/turn               p - +2 ring of evasion
MPRegen  0.2/turn               B - +3 ring of strength

@: corroded
A: permanent stasis, dig shafts and tunnels, four strong arms, antennae 3
a: Dig, Shaft Self, Renounce Religion


You were on level 6 of the Dungeon.
You worshipped Makhleb.
Makhleb was noncommittal.
You were not hungry.

You visited 2 branches of the dungeon, and saw 7 of its levels.

You collected 282 gold pieces.

Inventory:

Hand Weapons
 a - a +0 war axe (weapon)
 w - a +1 flail of holy wrath
Missiles
 l - 3 throwing nets (quivered)
Armour
 c - a +0 shield (worn)
 e - a +0 pair of boots (worn)
 n - a +0 chain mail (worn)
 x - a +0 cloak (worn)
Jewellery
 p - a +2 ring of evasion (left hand)
 B - a +3 ring of strength (right hand)
 G - an amulet of regeneration (around neck)
Wands
 A - a wand of confusion (36/48)
 E - a wand of flame (16/48)
Scrolls
 g - a scroll of recharging {unknown}
 h - a scroll of enchant weapon {unknown}
 j - 3 scrolls of immolation {unknown}
 k - 5 scrolls of identify {unknown}
 m - 3 scrolls of enchant armour {unknown}
 o - 5 scrolls of remove curse {unknown}
 t - 4 scrolls of teleportation {unknown}
 v - 2 scrolls of fear {unknown}
 y - a scroll of magic mapping {unknown}
 C - a scroll of amnesia {unknown}
 D - a scroll of random uselessness {unknown}
Potions
 b - 2 potions of heal wounds {unknown}
 d - a potion of might
 i - a potion of flight {unknown}
 q - a potion of agility {unknown}
 s - 2 potions of degeneration {unknown}
 z - a potion of cancellation {unknown}
 H - a potion of resistance {unknown}
Comestibles
 f - 5 bread rations
 r - 4 fruits
 u - a royal jelly


   Skills:
 - Level 3.2 Fighting
 + Level 5.1 Axes
 + Level 4.3 Armour
 - Level 10.5 Shields


You had 7 spell levels left.
You didn't know any spells.

Dungeon Overview and Level Annotations

Branches:
Dungeon (6/15)             Temple (1/1) D:6

Altars:
Ashenzari
Cheibriados
Dithmenos
Elyvilon
Hepliaklqana
Kikubaaqudgha
Makhleb
Nemelex Xobeh
Okawaru
Qazlal
Ru
Sif Muna
Trog
Uskayaw
Vehumet
Wu Jian
Yredelemnul
Zin

Annotations:
D:3 Graouh's ghost, amateur MiFi; Purgy
D:6 exclusion: oklob sapling, Dowan; Duvessa


Innate Abilities, Weirdness & Mutations

You cannot be hasted, slowed, berserked, paralysed or teleported.
You can dig through walls and to a lower floor.
Your four strong arms can wield two-handed weapons with a shield.
You have a pair of large antennae on your head. (SInv)


Message History

The acid burns!
Dowan says, "My weaknesses are her strengths!"
Dowan hits the plant but does no damage.
Duvessa hits you with a rapier.
You hit the oklob sapling but do no damage.
The oklob sapling is severely damaged.
You hit the plant but do no damage. You slash the plant! You slash Duvessa!
You hit the plant. You hit the plant but do no damage.
The oklob sapling spits acid at you. The splash of acid hits you!
You are splashed with acid!
The acid burns!
Dowan hits the plant but does no damage.
Duvessa hits you but does no damage.
You hit the oklob sapling but do no damage.
The oklob sapling is severely damaged.
You hit the plant. You hit the plant but do no damage.
Your chain mail prevents you from hitting Duvessa.
You hit the plant. You slash the plant! The oklob sapling spits acid at you.
The splash of acid hits you!
You are splashed with acid!
The acid burns!
You die...

#. ..... .....
#.#..... ..... .<.
..####.....
#.##.#........ #
#...P.PP....#
##.#....PPPP.##..
.#.....PPPPP.P....
......%...@PPP.#
#..###.PPe.P.+#
#..PPPP..(..
#.P.eP.P...# .
##.........# ...
#...#...... ....#
#...###....
#.....##<..#......
.......'........


You could see Duvessa, Dowan and an oklob sapling.

Vanquished Creatures
  Grinder (D:5)
  Eustachio (D:4)
  An ice beast (D:4)
  A phantom (D:5)
  A scorpion (D:4)
  A jelly (D:5)
  Crazy Yiuf (D:5)
  A bullfrog skeleton (D:4)
  An orc priest (D:4)
  A bullfrog zombie (D:6)
  2 hounds (D:4)
  2 orc wizards (D:4)
  A centaur skeleton (D:4)
  Terence (D:3)
  An iguana (D:5)
  3 worker ants
  A hound skeleton (D:4)
  4 gnolls
  8 adders
  An ooze (D:5)
  2 adder skeletons
  4 worms
  4 dart slugs
  8 leopard geckos
  14 orcs
  A ball python (D:2)
  7 giant cockroaches
  8 goblins
  9 hobgoblins
  7 jackals
  5 bats
  2 frilled lizards (D:2)
  A jackal skeleton (D:4)
  6 kobolds
  A quokka skeleton (D:5)
  9 rats
  A plant (D:6)
123 creatures vanquished.

Notes
Turn   | Place    | Note
-------+----------+-------------------------------------------
     0 | D:1      | Duffy the Formicid Fighter began the quest for the Orb.
     0 | D:1      | Reached XP level 1. HP: 18/18 MP: 1/1
    86 | D:1      | Reached skill level 4 in Shields
   117 | D:1      | Reached XP level 2. HP: 11/24 MP: 2/2
   581 | D:1      | Reached XP level 3. HP: 29/29 MP: 3/3
   707 | D:1      | Reached skill level 5 in Shields
   816 | D:2      | Reached XP level 4. HP: 19/35 MP: 4/4
  1132 | D:2      | Reached skill level 6 in Shields
  1674 | D:2      | Reached XP level 5. HP: 41/41 MP: 5/5
  1930 | D:2      | Found a glowing silver altar of Zin.
  1930 | D:2      | Noticed an angel
  2385 | D:3      | Found a faded altar of an unknown god.
  2386 | D:3      | Noticed Terence
  2407 | D:3      | Killed Terence
  2407 | D:3      | Reached skill level 7 in Shields
  2408 | D:3      | Found a sparkling altar of Nemelex Xobeh.
  2414 | D:3      | Found an ornate altar of the Wu Jian Council.
  2466 | D:3      | Noticed Graouh's ghost (amateur MiFi)
  2719 | D:4      | Reached XP level 6. HP: 24/47 MP: 6/6
  2938 | D:4      | Reached skill level 8 in Shields
  3248 | D:4      | Found a snail-covered altar of Cheibriados.
  3252 | D:4      | Reached XP level 7. HP: 52/52 MP: 7/7
  3276 | D:4      | Reached skill level 9 in Shields
  3552 | D:4      | Noticed Eustachio
  3580 | D:4      | Killed Eustachio
  3678 | D:4      | Noticed Purgy
  3862 | D:4      | Reached XP level 8. HP: 57/58 MP: 8/8
  4241 | D:5      | Entered Level 5 of the Dungeon
  4260 | D:5      | Reached skill level 10 in Shields
  4317 | D:5      | Found a hide-covered altar of Uskayaw.
  4446 | D:5      | Found an iron altar of Okawaru.
  4447 | D:5      | Found a sacrificial altar of Ru.
  4515 | D:5      | Found a shattered altar of Ashenzari.
  4968 | D:5      | Noticed Grinder
  4990 | D:5      | Killed Grinder
  5174 | D:5      | Found a runed door.
  5178 | D:5      | Noticed Crazy Yiuf
  5193 | D:5      | Killed Crazy Yiuf
  5193 | D:5      | Reached skill level 5 in Axes
  5277 | D:6      | Found a staircase to the Ecumenical Temple.
  5286 | D:6      | Noticed Duvessa
  5291 | D:6      | Noticed Dowan
  5307 | Temple   | Entered the Ecumenical Temple
  5439 | Temple   | Became a worshipper of Makhleb the Destroyer
  5505 | D:6      | Splashed by an oklob sapling's acid

Vault maps used:
D:1:      lemuel_arrival_room, minmay_misc_feat_more_columns, minivault_27,
          minmay_distorted
D:2:      zin_angel, first_bread
D:3:      overflow_temple_1_default, nemelex_xobeh_ov_fountains_minmay,
          chequers_ecumenical_altar_simple, glass_columns_b,
          lexackson_kobold_supper, uniq_terence, uniq_jessica, uniq_sigmund
D:4:      cheibrodos_helix_gallery, cheibriados_altar_1, uniq_eustachio,
          uniq_purgy
D:5:      kennysheep_mini, overflow_temple_1_default, minitemple, uniq_grinder,
          uniq_crazy_yiuf_cottage
D:6:      kennysheep_little_box, nicolae_tso_besieged_by_evil,
          minmay_temple_entry_oklob, minmay_misc_feat_square,
          grunt_ministairs_9, kennysheep_small_circle, uniq_duvessa, uniq_pikel
Temple:   zaba_magenta_temple

Skill      XL: |  1  2  3  4  5  6  7  8 |
---------------+-------------------------+-----
Shields        | 4 5 6 7 8 9 10 | 10.5
Axes           | 3 5 |  5.1
Armour         | 4 |  4.3
Fighting       | |  3.2

Action                   |  1- 3 |  4- 6 |  7- 9 || total
-------------------------+-------+-------+-------++-------
Melee: War axe           |    97 |   213 |   220 ||   530
 Abil: Dig               |       |     3 |     4 ||     7
  Eat: Chunk             |       |     9 |     8 ||    17
Armor: Scale mail        |    72 |     3 |       ||    75
       Chain mail        |       |    89 |    58 ||   147
Dodge: Dodged            |    51 |    68 |    84 ||   203
Block: Shield            |    63 |   141 |   142 ||   346
